 Dungeon Crawl Stone Soup version 0.28-a0-595-g9f6c0e134a (webtiles) character file.

Game seed: 12526893021952703001

275 lawman0 the Magician (level 6, -4/50 HPs)
             Began as a Naga Hedge Wizard on Oct 4, 2021.
             Slain by an iguana (11 damage)
             ... on level 4 of the Dungeon.
             The game lasted 00:07:16 (3285 turns).

lawman0 the Magician (Naga Hedge Wizard)            Turns: 3285, Time: 00:07:17

Health: -4/50      AC:  3    Str: 12    XL:     6   Next: 25%
Magic:  3/12       EV: 10    Int: 16    God:
Gold:   105        SH:  0    Dex: 11    Spells: 3/14 levels left

rFire   . . .      SeeInvis +   d - +2 dagger (freeze)
rCold   . . .      Faith    .   (no shield)
rNeg    . . .      Spirit   .   b - +0 robe
rPois   +          Reflect  .   c - +0 hat
rElec   .          Harm     .   (no cloak)
rCorr   .          Rampage  .   (no gloves)
Will    .....                   (no barding)
Stlth   ++........              g - amulet of regeneration
HPRegen 1.16/turn               (no ring)
MPRegen 0.13/turn               (no ring)

@: on berserk cooldown, slowed, very slow
A: AC +2, large, see invisible, deformed body, poison resistance, slowness 2,
spit poison 1, naga tail 1
a: Spit Poison


You were on level 4 of the Dungeon.
You visited 1 branch of the dungeon, and saw 4 of its levels.

You collected 105 gold pieces.

Inventory:

Hand Weapons
 d - a +2 dagger of freezing (weapon)
Missiles
 i - 12 poisoned darts
Armour
 b - a +0 robe (worn)
 c - a +0 hat (worn)
Jewellery
 g - an amulet of regeneration (around neck)
Scrolls
 a - 2 scrolls of silence
 e - a scroll of blinking {unknown}
 f - a scroll of enchant armour {unknown}
 h - a scroll of amnesia {unknown}
 k - a scroll of enchant weapon {unknown}
 l - a scroll of noise {unknown}


   Skills:
 + Level 0.4 Fighting
 + Level 2.2 Dodging
 + Level 3.7 Stealth
 + Level 4.5 Spellcasting
 * Level 3.4 Conjurations
 * Level 1.4 Hexes
 + Level 1.0 Summonings
 + Level 1.0 Translocations
 + Level 0.1 Air Magic
 + Level 0.2 Poison Magic


You had 3 spell levels left.
You knew the following spells:

 Your Spells              Type           Power      Damage    Failure   Level
a - Magic Dart            Conj           56%        1d5       4%          1
b - Blink                 Tloc           N/A        N/A       16%         2
c - Call Imp              Summ           6%         N/A       16%         2
d - Tukima's Dance        Hex            8%         N/A       26%         3
e - Mephitic Cloud        Conj/Pois/Air  7%         N/A       28%         3

Your spell library contained the following spells:

 Spells                   Type           Power      Damage    Failure   Level
 Slow                     Hex            8%         N/A       13%         2
 Ensorcelled Hibernation  Hex/Ice        10%        N/A       19%         2
 Sublimation of Blood     Necr           1%         N/A       24%         2
 Wereblood                Tmut           3%         N/A       24%         2
 Conjure Flame            Conj/Fire      9%         6-21      24%         3
 Gell's Gravitas          Tloc           3%         N/A       32%         3
 Lesser Beckoning         Tloc           6%         N/A       32%         3
 Teleport Other           Tloc           6%         N/A       32%         3
 Manifold Assault         Tloc           6%         N/A       96%         5
 Summon Hydra             Summ           3%         N/A       100%        7


Dungeon Overview and Level Annotations

Branches:
Dungeon (4/15)             Temple (0/1) D:4

Altars:

Shops:
D:2 :


Innate Abilities, Weirdness & Mutations

Your serpentine skin is tough. (AC +2)
You have supernaturally acute eyesight. (SInv)
Armour fits poorly on your strangely shaped body.
Your system is resistant to poisons. (rPois)
You cover ground very slowly.
You can spit poison.
You have a snake-like lower body.


Message History

You barely miss the scorpion.
The scorpion is moderately wounded.
The hobgoblin hits you. The scorpion closely misses you.
Unknown command.
You barely miss the hobgoblin.
You feel sick. The hobgoblin hits you.
* * * LOW HITPOINT WARNING * * *
You hit the hobgoblin. You freeze the hobgoblin.
The hobgoblin is severely wounded.
You have got your breath back.
You feel sick. The scorpion stings you.
* * * LOW HITPOINT WARNING * * *
You puncture the scorpion! You freeze the scorpion.
You kill the scorpion!
The hobgoblin hits you.
* * * LOW HITPOINT WARNING * * *
You have reached level 6!
Your experience leads to an increase in your attributes!
Increase (S)trength, (I)ntelligence, or (D)exterity?
You feel clever.
Your skin feels tougher.
You puncture the hobgoblin! You freeze the hobgoblin.
You kill the hobgoblin!
You feel sick.
You are too berserk!
Unknown command.
You feel sick.
You see here 19 bolts.
You feel a strong urge to attack something.
You feel sick.
You are no longer poisoned.
Ijyb hits you but does no damage. The iguana bites you.
* * * LOW HITPOINT WARNING * * *
You hit Ijyb. You freeze Ijyb.
Ijyb is heavily wounded.
You puncture Ijyb! You freeze Ijyb.
You kill Ijyb!
Unknown command.
You are no longer berserk.
You are exhausted.
You feel yourself slow down. The iguana bites you!
You die...

... .... ..
..#.#.#.#. #.
#.......... #.
#.#.......# #.
##.......... #.
#..#...>...# #.
#...........
##.###..#l......#
#..<##..@........
#..#...()#.#.#.#.#
#....###..........
#.#.## ###########
# #. .. ##. #.


You could see an iguana (confused).

Vanquished Creatures
  A scorpion (D:4)
  2 orc priests (D:3)
  Jessica (D:3)
  Ijyb (D:4)
  2 adders
  2 dart slugs
  7 orcs (D:3)
  11 ball pythons
  2 bats
  4 endoplasms
  A giant cockroach (D:1)
  7 goblins
  8 hobgoblins
  7 jackals
  2 quokkas
  4 frilled lizards
  5 kobolds
  7 rats
74 creatures vanquished.

Notes
Turn   | Place    | Note
-------+----------+-------------------------------------------
     0 | D:1      | lawman0 the Naga Hedge Wizard began the quest for the Orb.
     0 | D:1      | Reached XP level 1. HP: 15/15 MP: 4/4
   267 | D:1      | Reached XP level 2. HP: 17/22 MP: 0/6
   533 | D:1      | Learned a level 2 spell: Blink
   536 | D:1      | Learned a level 2 spell: Call Imp
   722 | D:1      | Reached XP level 3. HP: 27/28 MP: 0/8
   862 | D:1      | Learned a level 3 spell: Tukima's Dance
  1698 | D:2      | Found Hoeben's Book Shoppe.
  1805 | D:2      | Reached XP level 4. HP: 31/36 MP: 2/9
  2511 | D:3      | Noticed Jessica
  2517 | D:3      | Killed Jessica
  2518 | D:3      | Reached skill level 4 in Spellcasting
  2518 | D:3      | Reached skill level 1 in Hexes
  2518 | D:3      | Reached XP level 5. HP: 26/42 MP: 4/11
  2846 | D:3      | Learned a level 3 spell: Mephitic Cloud
  3251 | D:4      | Found a staircase to the Ecumenical Temple.
  3252 | D:4      | Noticed Ijyb
  3280 | D:4      | Reached XP level 6. HP: 11/50 MP: 2/12
  3284 | D:4      | Killed Ijyb
  3285 | D:4      | Slain by an iguana

Illustrated notes

Levels and vault maps discovered:
D:1:      scummos_arrival_gate, layout_loops_ring
D:2:      layout_loops_ring, serial_shops,
          nicolae_shop_competitors_out_of_business, moated_statue
D:3:      layout_loops_ring, uniq_jessica
D:4:      layout_loops_ring, mainiacjoe_overflow_alcove_1,
          minmay_temple_entry_glass, gup_sewer_entry_pipe,
          amcnicky_altar_lugonu_corruption, uniq_sigmund, uniq_ijyb

Skill      XL: |  1  2  3  4  5 |
---------------+----------------+-----
Dodging        | 2 |  2.2
Conjurations   | 2 3 |  3.4
Spellcasting   | 4 |  4.5
Hexes          | 1 |  1.4
Fighting       | |  0.4
Stealth        | |  3.7
Summonings     | |  1.0
Translocations | |  1.0
Air Magic      | |  0.1
Poison Magic   | |  0.2

Action                   |  1- 3 |  4- 6 || total
-------------------------+-------+-------++-------
Melee: Dagger            |     8 |    34 ||    42
 Cast: Magic Dart        |    77 |    55 ||   132
       Mephitic Cloud    |       |     2 ||     2
 Abil: Spit Poison       |    11 |    18 ||    29
  Use: Scroll            |     2 |       ||     2
       Potion            |       |     1 ||     1
 Stab: Confused          |       |     1 ||     1
Armor: Robe              |       |    12 ||    12
Dodge: Dodged            |     6 |    23 ||    29

Table legend: (Time is in decaauts)
 A = Elapsed time spent in this place.
 B = Non-inter-level travel time spent in this place.
 C = Inter-level travel time spent in this place.
 D = Time resting spent in this place.
 E = Time spent auto-exploring this place.
 F = Levels seen in this place.
 G = Mean time per level.
                   A        B        C        D        E       F      G
               +--------+--------+--------+--------+--------+-----+--------+
         Total |   3935 |   3872 |     63 |    616 |   2739 |   4 |  983.8 |
       Dungeon |   3935 |   3872 |     63 |    616 |   2739 |   4 |  983.8 |
               +--------+--------+--------+--------+--------+-----+--------+

Top non-repeatable levels by time:
     D:1: 1399 daAuts
     D:2: 1324 daAuts
     D:3: 1174 daAuts
     D:4: 37 daAuts
